 Dungeon Crawl Stone Soup version 0.30-a0-1157-g2cc9ac7196 (webtiles) character file.

Game seed: 11110628131122301609

79 pokedragonboy the Grasshopper (level 4, -1/40 HPs)
             Began as a Naga Warper on Apr 24, 2023.
             Slain by a gnoll
             ... wielding a +0 halberd
              (9 damage)
             ... on level 2 of the Dungeon.
             The game lasted 00:02:45 (1810 turns).

pokedragonboy the Grasshopper (Naga Warper)         Turns: 1810, Time: 00:02:45

Health: -1/40      AC:  4    Str: 15    XL:     4   Next: 37%
Magic:  7/7        EV:  9    Int: 18    God:
Gold:   98         SH:  0    Dex: 10    Spells: 5/7 levels left

rFire   . . .        a - +0 spear
rCold   + . .        (no shield)
rNeg    . . .        b - +0 leather armour
rPois   +            (no helmet)
rElec   .            (no cloak)
rCorr   .            l - +0 pair of gloves
SInv    +            (no barding)
Will    +....        (no amulet)
Stlth   +            g - ring "Xetuodej" {rC+ Will+ Int+4}
HPRegen 0.26/turn    (no ring)
MPRegen 0.10/turn

%: no passive effects
@: about to teleport, very slow
A: AC +1, large, see invisible, deformed body, poison resistance, slowness 2,
spit poison 1, naga tail 1
a: Spit Poison


You were on level 2 of the Dungeon.
You visited 1 branch of the dungeon, and saw 2 of its levels.

You collected 98 gold pieces.

Inventory:

Hand Weapons
 a - a +0 spear (weapon)
Missiles
 d - 7 boomerangs of dispersal
Armour
 b - a +0 leather armour (worn)
 f - a +0 chain mail
 l - a +0 pair of gloves (worn)
Jewellery
 g - the ring "Xetuodej" (left hand) {rC+ Will+ Int+4}
   (You found it on level 2 of the Dungeon)

   [ring of willpower]

   Int:       It affects your intelligence (+4).
   rC:        It protects you from cold.
   Will:      It increases your willpower.
Scrolls
 c - a scroll of blinking
 e - 2 scrolls of identify
 j - a scroll of fear
Potions
 h - a potion of mutation


   Skills:
 + Level 2.6 Fighting
 * Level 3.1 Polearms
 - Level 0.8 Throwing
 - Level 1.0 Armour
 - Level 1.5 Dodging
 - Level 2.0 Spellcasting
 * Level 3.9 Translocations


You had 5 spell levels left.
You knew the following spells:

 Your Spells              Type           Power      Damage    Failure   Level
a - Blink                 Tloc           30%        N/A       7%          2

Your spell library contained the following spells:

 Spells                   Type           Power      Damage    Failure   Level
 Lesser Beckoning         Tloc           30%        N/A       7%          2
 Teleport Other           Tloc           15%        N/A       13%         3
 Vhi's Electric Charge    Tloc/Air       16%        N/A       30%         3
 Manifold Assault         Tloc           15%        N/A       41%         4


Dungeon Overview and Level Annotations

Branches:
Dungeon (2/15)

Altars:

Shops:
D:1 !


Innate Abilities, Weirdness & Mutations

Your serpentine skin is tough. (AC +1)
You have supernaturally acute eyesight. (SInv)
Armour fits poorly on your strangely shaped body.
Your system is resistant to poisons. (rPois)
You cover ground very slowly.
You can spit poison.
You have a snake-like lower body.


Message History

The splash of poison hits the gnoll but does no damage.
The gnoll is severely wounded.
The gnoll looks more healthy.
The gnoll hits you with a +0 club. The gnoll barely misses you.
You hit the gnoll.
You kill the gnoll!
The gnoll completely misses you.
Unknown command.
The gnoll hits you from afar with a +0 halberd!
The gnoll hits you with a +0 spear.
You see here a +0 club.
Unknown command.
You hit the gnoll.
The gnoll is moderately wounded.
The gnoll hits you from afar with a +0 halberd.
The gnoll barely misses you.
You hit the gnoll.
The gnoll is severely wounded.
You have got your breath back.
The gnoll hits you from afar with a +0 halberd.
* * * LOW HITPOINT WARNING * * *
The gnoll hits you with a +0 spear!
* * * LOW HITPOINT WARNING * * *
It was a potion of heal wounds.
You feel much better. The gnoll barely misses you.
The gnoll hits you with a +0 spear.
As you read the scroll of teleportation, it crumbles to dust.
You feel strangely unstable.
The gnoll hits you from afar with a +0 halberd!
* * * LOW HITPOINT WARNING * * *
The gnoll closely misses you.
Unknown command.
You hit the gnoll.
The gnoll is almost dead.
The gnoll completely misses you. The gnoll hits you with a +0 spear.
* * * LOW HITPOINT WARNING * * *
Unknown command.
You closely miss the gnoll.
The gnoll is almost dead.
The gnoll hits you from afar with a +0 halberd!
You die...

...............†.......
....##.....###.###..###
.##..#.##### #......#
.###.#.# #......# .#
#...### #......# .#
###...## #.###..# .#
#.....# #.# #..#
#####.....# #.###..#####
...##.....## #..@gg.......
...........#######..######
.......................
.........##.######.....#
.........................
...###'####.######.###.#.
...# #.####.######..# .#.
#### #...^........... ..
.. #### #.####..#####..#
.#...


You could see 2 gnolls.

Vanquished Creatures
  A gnoll (D:2)
  2 adders (D:2)
  4 worms (D:2)
  A dart slug (D:1)
  3 ball pythons (D:1)
  2 bats (D:1)
  3 endoplasms
  2 giant cockroaches (D:1)
  A goblin (D:1)
  3 hobgoblins (D:2)
  4 jackals (D:2)
  A kobold (D:1)
  4 quokkas
  2 frilled lizards
  3 rats
36 creatures vanquished.

Notes
Turn   | Place    | Note
-------+----------+-------------------------------------------
     0 | D:1      | pokedragonboy the Naga Warper began the quest for the Orb.
     0 | D:1      | Reached XP level 1. HP: 19/19 MP: 3/3
   212 | D:1      | Reached XP level 2. HP: 24/26 MP: 5/5
   229 | D:1      | Reached skill level 1 in Armour
   440 | D:1      | Found Cetud's Distillery.
   919 | D:2      | Learned a level 2 spell: Blink
   941 | D:2      | Reached XP level 3. HP: 20/32 MP: 6/6
   950 | D:2      | Identified the ring "Xetuodej" {rC+ Will+ Int+4}
  1501 | D:2      | Reached XP level 4. HP: 29/40 MP: 7/7
  1810 | D:2      | Slain by a gnoll

Illustrated notes

Levels and vault maps discovered:
D:1:      evilmike_arrival_hilbert_curve, layout_basic, serial_shops,
          nicolae_shop_window_shopping
D:2:      layout_basic, st_stairs_3

Skill      XL: |  1  2  3 |
---------------+----------+-----
Armour         | 1 |  1.0
Polearms       | 3 |  3.1
Fighting       | |  2.6
Throwing       | |  0.8
Dodging        | |  1.5
Spellcasting   | |  2.0
Translocations | |  3.9

Action                     |  1- 3 |  4- 6 || total
---------------------------+-------+-------++-------
  Melee: Spear             |   142 |    29 ||   171
         Punch             |     1 |       ||     1
Ability: Spit Poison       |    13 |     3 ||    16
    Use: Potion            |     2 |     1 ||     3
         Scroll            |     3 |     1 ||     4
 Armour: Leather armour    |    22 |    11 ||    33
  Dodge: Dodged            |    53 |    25 ||    78

Table legend: (Time is in decaauts)
 A = Elapsed time spent in this place.
 B = Non-inter-level travel time spent in this place.
 C = Inter-level travel time spent in this place.
 D = Time resting spent in this place.
 E = Time spent auto-exploring this place.
 F = Levels seen in this place.
 G = Mean time per level.
                   A        B        C        D        E       F      G
               +--------+--------+--------+--------+--------+-----+--------+
         Total |   2174 |   2129 |     45 |    376 |   1396 |   2 | 1087.0 |
       Dungeon |   2174 |   2129 |     45 |    376 |   1396 |   2 | 1087.0 |
               +--------+--------+--------+--------+--------+-----+--------+

Top non-repeatable levels by time:
     D:1: 1175 daAuts
     D:2: 999 daAuts
